 Dungeon Crawl Stone Soup version 0.24.1 (webtiles) character file.

Game seed: 1589692428527769183, levelgen mode: deterministic

5 MajorAdolf the Sneak (level 1, -3/19 HPs)
             Began as a Naga Wanderer on Mar 28, 2020.
             Killed from afar by a dart slug (4 damage)
             ... with a slug dart
             ... on level 1 of the Dungeon.
             The game lasted 00:01:16 (204 turns).

MajorAdolf the Sneak (Naga Wanderer)                 Turns: 204, Time: 00:01:16

Health: -3/19      AC:  1    Str: 12    XL:     1   Next: 80%
Magic:  1/1        EV: 10    Int: 14    God:
Gold:   4          SH:  0    Dex: 10    Spells: 0/0 levels left

rFire    . . .     SeeInvis +   a - +2 dagger
rCold    . . .     Gourm    .   (no shield)
rNeg     . . .     Faith    .   e - +0 robe
rPois    +         Spirit   .   (no helmet)
rElec    .         Reflect  .   (no cloak)
rCorr    .         Harm     .   (no gloves)
MR       .....                  (no barding)
Stlth    ++........             (no amulet)
HPRegen  0.06/turn              (no ring)
MPRegen  0.07/turn              (no ring)

@: short of breath, very slow
A: large, see invisible, deformed body, poison resistance, slowness 2, slow
metabolism 1, spit poison 1, AC +0
a: Spit Poison


You were on level 1 of the Dungeon.
You were not hungry.

You visited 1 branch of the dungeon, and saw 1 of its levels.

You collected 4 gold pieces.

Inventory:

Hand Weapons
 a - a +2 dagger (weapon)
 c - a +0 spear
Armour
 e - a +0 robe (worn)
Scrolls
 g - a scroll of enchant weapon {unknown}
Potions
 b - a potion of haste
 d - a potion of curing
Comestibles
 f - 2 rations
 h - 3 chunks of flesh


   Skills:
 - Level 2.0 Fighting
 + Level 1.3 Short Blades
   Level 1.0 Maces & Flails
 - Level 1.0 Polearms
 - Level 2.4 Dodging
 - Level 4.4 Stealth


You couldn't memorise any spells.
You didn't know any spells.
Your spell library was empty.

Dungeon Overview and Level Annotations

Branches:
Dungeon (1/15)

Altars:


Innate Abilities, Weirdness & Mutations

You cannot wear boots.
Your serpentine skin is tough. (AC +0)
You have supernaturally acute eyesight. (SInv)
Armour fits poorly on your strangely shaped body.
Your system is resistant to poisons. (rPois)
You cover ground very slowly.
You have a slow metabolism.
You can spit poison.


Message History

The goblin hits you but does no damage. The goblin hits you with a +0 club.
Press: ? - help, Shift-Dir - straight line, f - goblin
Aim: a goblin, wielding a +0 club The splash of poison hits the goblin.
The goblin is poisoned.
You kill the goblin!
You feel slightly more hungry.
A kobold comes into view. It is wielding a -1 short sword.
The kobold shouts!
Okay, then.
You have got your breath back.
Press: ? - help, Shift-Dir - straight line, f - kobold
Aim: a kobold, wielding a -1 short sword The splash of poison misses the kobold.
You feel slightly more hungry. The dart slug launches a dart at you.
The slug dart hits you.
* * * LOW HITPOINT WARNING * * *
The dart slug launches a dart at you. The slug dart hits you.
You die...

#. #..# #.. ... .. #..
#.. .... ###.###.#
##.... ....##.# .w....
#########..##.##.#....
.......@K..##.#.......
...........##.........
............)w.$......
.............#........
#.#.........##........
. #.%......###........
..#.####..####........
....####...#..........
>.........)...........


You could see a dart slug and a kobold.

Vanquished Creatures
  A giant cockroach (D:1)
  A goblin (D:1)
  A hobgoblin (D:1)
  A bat (D:1)
  A frilled lizard (D:1)
5 creatures vanquished.

Vanquished Creatures (others)
  5 toadstools (D:1)
5 creatures vanquished.

Grand Total: 10 creatures vanquished

Notes
Turn   | Place    | Note
-------+----------+-------------------------------------------
     0 | D:1      | MajorAdolf the Naga Wanderer began the quest for the Orb.
     0 | D:1      | MajorAdolf set off with the following items: a +2 dagger, a
                  | potion of haste, a +0 spear, a potion of curing, a +0 robe,
                  | a ration
     0 | D:1      | Reached XP level 1. HP: 19/19 MP: 1/1
    60 | D:1      | Reached skill level 1 in Short Blades
   204 | D:1      | Killed from afar by a dart slug

Levels and vault maps discovered:
D:1:      dpeg_arrival_chase, layout_rooms, minmay_gold_behind_fungi,
          minmay_misc_feat_ornament

Skill      XL: |  1 |
---------------+----+-----
Short Blades   | 1 |  1.3
Fighting       | |  2.0
Maces & Flails | |  1.0
Polearms       | |  1.0
Dodging        | |  2.4
Stealth        | |  4.4

Action                   || total
-------------------------++-------
Melee: Dagger            ||     7
 Abil: Spit Poison       ||     4
Armor: Robe              ||     2
Dodge: Dodged            ||     2
